 Dungeon Crawl Stone Soup version 0.31.0-9-g3a7656b989 (webtiles) character file.

Game seed: 14304943303283223591

91 qw the Shooter (level 4, 0/25 HPs)
             Began as a Deep Elf Hunter on Feb 2, 2024.
             Incinerated by a bombardier beetle (5 damage)
             ... with a burning spray
             ... on level 2 of the Dungeon.
             The game lasted 00:00:03 (1547 turns).

qw the Shooter (Deep Elf Hunter)                    Turns: 1547, Time: 00:00:04

Health: 0/25       AC:  6    Str: 10    XL:     4   Next: 34%
Magic:  6/6        EV:  9    Int: 14    God:
Gold:   85         SH:  5    Dex: 22    Spells: 3/3 levels left

rFire   . . .        a - +1 shortbow
rCold   x . .        (shield currently unavailable)
rNeg    . . .        h - +0 scale mail
rPois   .            (no helmet)
rElec   .            (no cloak)
rCorr   .            (no gloves)
SInv    .            (no boots)
Will    ++...        d - amulet of Modesty {Reflect rC- Will+ Regen+ Dex+4 SH+5}
Stlth   +            (no ring)
HPRegen 1.04/turn    (no ring)
MPRegen 0.10/turn

%: reflection
@: on fire, enlightened, flying, glowing
A: no striking features
a: no special abilities


You were on level 2 of the Dungeon.
You visited 1 branch of the dungeon, and saw 3 of its levels.

You collected 85 gold pieces.


   Skills:
 - Level 1.5 Fighting
 + Level 7.7 Ranged Weapons
 - Level 2.5 Dodging
 - Level 1.2 Stealth


You had 3 spell levels left.
You didn't know any spells.
Your spell library was empty.

Inventory:

Hand Weapons
 a - a +1 shortbow (weapon)
Armour
 h - a +0 scale mail (worn)
Jewellery
 d - the amulet of Modesty (around neck) {Reflect rC- Will+ Regen+ Dex+4 SH+5}
   (You acquired it on level 1 of the Dungeon)

   [amulet of reflection]

   Reflect:   It reflects blocked missile attacks.
   Dex+4:     It affects your dexterity (+4).
   rC-:       It makes you vulnerable to cold.
   Will+:     It increases your willpower.
   Regen+:    It increases your rate of health regeneration.
   SH+5:      It affects your SH (+5).
Potions
 f - a potion of enlightenment
 g - a potion of resistance {unknown}
 i - a potion of lignification {unknown}

Dungeon Overview and Level Annotations

Branches:
Dungeon (3/15)

Altars:
Xom

Annotations:
D:2 1 runed translucent door, Crazy Yiuf


Message History

You fly downwards.
The adder hisses angrily.
There is a stone staircase leading up here.
There are monsters nearby!
Waypoint 2 assigned to D:3.
You shoot an arrow.
The arrow barely misses the bombardier beetle.
The arrow hits the quokka.
You kill the quokka!
The bat closely misses you.
You shoot an arrow.
The arrow hits the bat but does no damage.
The bat hits you but does no damage. The bat hits you.
You shoot an arrow. The arrow barely misses the bat.
The arrow hits the adder!
The adder is severely wounded.
The bat closely misses you. The bat hits you. The adder closely misses you.
1541 ||| STAIRDANCE HP restored.
You block the adder's attack.
The bombardier beetle bites you but does no damage.
You fly upwards.
Level annotation: 1 runed translucent door, Crazy Yiuf
There is a stone staircase leading down here.
You shoot an arrow. The arrow hits the adder!
You kill the adder!
The bombardier beetle sprays incendiary fluid at you.
The burning spray hits you.
You are covered in liquid fire!
You shoot an arrow. The arrow hits the bombardier beetle.
The bombardier beetle is moderately wounded.
The liquid fire burns you!
You shoot an arrow. The arrow hits the bombardier beetle!
The bombardier beetle is severely wounded.
The liquid fire burns you!
The bombardier beetle bites you but does no damage.
You shoot an arrow. The arrow hits the bombardier beetle!
You kill the bombardier beetle!
The liquid fire burns you!
You have reached level 4!
You feel clever.
You are on fire!
The liquid fire burns you!
You die...

# #...'......# #....# #.# #
#####......# #....# #.# #
#......# ###### #.# #####
#......# #.# #<..# #......# #.#
###.# #################.# #.#
#..)...:........# #.#
#########.#.#.###############.#
...............%@#............#
#########......#%#+#####.######
###............# #.#
###.#............# #.#
#.#.#.._.........# #.#
###.#.#............###.#
#...#.#................#
#.#.#.......#......##.##
#.......#.#.#......#...#


There were no monsters in sight!

Vanquished Creatures
  A bombardier beetle (D:2)
  An adder (D:2)
  4 dart slugs
  5 ball pythons
  2 bats (D:1)
  4 endoplasms
  5 goblins
  2 hobgoblins
  5 quokkas
  4 frilled lizards
  3 kobolds (D:1)
  2 rats (D:2)
38 creatures vanquished.

Notes
Turn   | Place    | Note
-------+----------+-------------------------------------------
     0 | D:1      | qw the Deep Elf Hunter began the quest for the Orb.
     0 | D:1      | Reached XP level 1. HP: 12/12 MP: 3/3
     0 | D:1      | 0 ||| qw: Version: 0.3-a-155-g5e7d8dd
     0 | D:1      | 0 ||| qw: Game counter: 1139
     0 | D:1      | 0 ||| qw: Melee chars always use a shield: true
     0 | D:1      | 0 ||| qw: God list: Okawaru
     0 | D:1      | 0 ||| qw: Allow faded altars: false
     0 | D:1      | 0 ||| qw: Do Orc after clearing Dungeon:15 true
     0 | D:1      | 0 ||| qw: Do second Lair branch before Depths: true
     0 | D:1      | 0 ||| qw: Lair rune preference: random
     0 | D:1      | 0 ||| qw: Goals: Normal
     0 | D:1      | 0 ||| PLANNING D:1-11
   113 | D:1      | Reached skill level 6 in Ranged Weapons
   113 | D:1      | Reached XP level 2. HP: 16/16 MP: 4/4
   377 | D:1      | Reached XP level 3. HP: 20/20 MP: 5/5
   639 | D:1      | 639 ||| UPGRADING to amulet of the acrobat.
   644 | D:1      | 644 ||| READING scroll labelled QETHACR VOKONU.
   645 | D:1      | 645 ||| READING scroll labelled ITHRAN DATUH ZIM.
   645 | D:1      | Identified a scroll of acquirement
   645 | D:1      | 645 ||| ACQUIRING amulet of Modesty {Reflect rC- Will+
                  | Regen+ Dex+4 SH+5}
   645 | D:1      | Acquired the amulet of Modesty {Reflect rC- Will+ Regen+
                  | Dex+4 SH+5}
   647 | D:1      | 647 ||| UPGRADING to amulet of Modesty {Reflect rC- Will+
                  | Regen+ Dex+4 SH+5}.
   657 | D:1      | 657 ||| DROPPING amulet of the acrobat.
   658 | D:1      | 658 ||| READING scroll labelled XUATOJ GAME.
   659 | D:1      | 659 ||| DROPPING scroll of butterflies.
   780 | D:2      | Found a shimmering altar of Xom.
   841 | D:2      | Found a runed translucent door.
   842 | D:2      | Noticed Crazy Yiuf
  1056 | D:2      | Reached skill level 7 in Ranged Weapons
  1305 | D:2      | Found a faded altar of an unknown god.
  1361 | D:2      | 1361 ||| UPGRADING to +0 scale mail.
  1371 | D:2      | 1371 ||| DROPPING +0 leather armour.
  1372 | D:2      | 1372 ||| READING scroll labelled WAH TOKLIUKHLO.
  1473 | D:2      | 1473 ||| READING scroll labelled NEAR XUTRYKHUU.
  1473 | D:2      | 1473 ||| ENCHANTING +0 shortbow.
  1474 | D:2      | 1474 ||| READING scroll labelled ERHUIT KAMNIR.
  1518 | D:2      | 1518 ||| DRINKING 2 fuming ruby potions.
  1541 | D:3      | 1541 ||| STAIRDANCE
  1545 | D:2      | HP: 5/20 [burnt (9)]
  1546 | D:2      | HP: 2/20 [burnt (4)]
  1547 | D:2      | Reached XP level 4. HP: 5/25 MP: 6/6
  1547 | D:2      | Incinerated by a bombardier beetle

Levels and vault maps discovered:
D:1:      dpeg_arrival_round_a, layout_basic
D:2:      layout_basic, basic_altar, shapermc_ecumenical_altar_flowoftime,
          wander_ebering_terrifying_dragon_lair, uniq_crazy_yiuf_cottage
D:3:      layout_basic, mainiacjoe_overflow_boulevard

Skill      XL: |  1  2  3 |
---------------+----------+-----
Ranged Weapons | 6 7 |  7.7
Fighting       | |  1.5
Dodging        | |  2.5
Stealth        | |  1.2

Action                     |  1- 3 |  4- 6 || total
---------------------------+-------+-------++-------
   Fire: Shortbow          |    86 |       ||    86
    Use: Scroll            |     6 |       ||     6
         Potion            |     1 |       ||     1
 Armour: Leather armour    |     4 |       ||     4
         Scale mail        |     5 |       ||     5
  Dodge: Dodged            |     6 |       ||     6
  Block: Other             |     2 |       ||     2
         Reflection        |     1 |       ||     1

Table legend:
 A = Non-vault XP
 B = Vault XP
 C = Vault XP percentage of total XP
 D = Non-vault monster count
 E = Vault monster count
 F = Vault count percentage of total count
                 A         B        C        D         E       F
            +---------+---------+-------+---------+---------+-------
      Total |     130 |       1 |   0.8 |      37 |       1 |   2.6
            +---------+---------+-------+---------+---------+-------
        D:1 |      47 |       0 |   0.0 |      23 |       0 |   0.0
        D:2 |      81 |       1 |   1.2 |      13 |       1 |   7.1
        D:3 |       2 |       0 |   0.0 |       1 |       0 |   0.0
            +---------+---------+-------+---------+---------+-------
